 Dungeon Crawl Stone Soup version 0.27-a0-1381-g81fdcbfb23 (webtiles) character file.

Game seed: 1492900865299833242

260 Froggeryz the Cutter (level 6, -1/63 HPs)
             Began as an Octopode Berserker on June 30, 2021.
             Was an Elder of Trog.
             Slain by a gnoll (3 damage)
             ... on level 4 of the Dungeon.
             The game lasted 00:03:17 (3655 turns).

Froggeryz the Cutter (Octopode Berserker)           Turns: 3655, Time: 00:03:17

Health: -1/63      AC:  1    Str: 16    XL:     6   Next: 17%
Magic:  6/6        EV: 13    Int: 10    God:    Trog [****..]
Gold:   140        SH:  0    Dex: 13    Spells: 5/5 levels left

rFire    . . .     SeeInvis .   m - +2 dagger (flame)
rCold    . . .     Faith    .   (no shield)
rNeg     . . .     Spirit   .   (helmet restricted)
rPois    .         Reflect  .   (no amulet)
rElec    .         Harm     .   h - ring of flight
rCorr    .         Rampage  .   (no ring)
Will     .....                  (no ring)
Stlth    ..........             (no ring)
HPRegen  0.20/turn              (no ring)
MPRegen  0.10/turn              (no ring)
                                (no ring)
                                (no ring)

@: berserking (expiring), flying, very quick
A: almost no armour, amphibious, 8 rings, camouflage 1, gelatinous body 1,
(nimble swimmer 1), tentacles
a: Renounce Religion, Berserk, Trog's Hand, Brothers in Arms


You were on level 4 of the Dungeon.
You worshipped Trog.
Trog was greatly pleased with you.
You visited 1 branch of the dungeon, and saw 4 of its levels.

You collected 140 gold pieces.

Inventory:

Hand Weapons
 a - a +0 short sword
 m - a +2 dagger of flaming (weapon)
Missiles
 f - 13 poisoned darts
Jewellery
 h - a ring of flight (left tentacle)
Scrolls
 e - 2 scrolls of amnesia {unknown}
 i - 3 scrolls of vulnerability {unknown}
 j - 2 scrolls of identify {unknown}
 k - 2 scrolls of enchant weapon {unknown}
 l - 2 scrolls of brand weapon {unknown}
 n - a scroll of fear {unknown}
 o - a scroll of noise {unknown}
 p - 2 scrolls of teleportation {unknown}
Potions
 b - 4 potions of curing {unknown}
 c - 2 potions of mutation {unknown}
 d - 2 potions of lignification {unknown}
 g - a potion of might {unknown}


   Skills:
 - Level 3.0 Fighting
 * Level 5.8 Short Blades
 - Level 3.0 Dodging
 + Level 4.6 Stealth


You had 5 spell levels left.
You didn't know any spells.
Your spell library was empty.

Dungeon Overview and Level Annotations

Branches:
Dungeon (4/15)             Temple (0/1) D:4

Altars:


Innate Abilities, Weirdness & Mutations

You cannot wear most types of armour.
You are amphibious.
You can wear up to eight rings at the same time.
Your skin changes colour to match your surroundings (Stealth+).
Your rubbery body absorbs attacks. (AC +1, EV +1)
((You are camouflaged near water. (Stealth+)))
You have tentacles for arms and can constrict up to eight enemies at once.


Message History

You feel a strong urge to attack something.
The gnoll closely misses you. The hound skeleton misses you.
The gnoll hits you with a +0 spear. The kobold hits you with a +0 dagger.
The gnoll sergeant blocks your attack.
You grab the gnoll sergeant. You constrict the gnoll sergeant.
The hound skeleton closely misses you. The gnoll hits you with a +0 spear.
The gnoll sergeant hits you with a +0 trident!
You completely miss the gnoll sergeant.
The gnoll sergeant is lightly wounded.
You constrict the gnoll sergeant, but do no damage.
The gnoll barely misses you. The gnoll closely misses you.
The kobold barely misses you. The hound skeleton closely misses you.
You barely miss the gnoll. You grab the gnoll.
You constrict the gnoll sergeant, but do no damage.
You constrict the gnoll. The gnoll hits you with a +0 whip!
The gnoll barely misses you.
The gnoll sergeant hits you with a +0 trident!
* * * LOW HITPOINT WARNING * * *
You hit the gnoll sergeant. You burn the gnoll sergeant.
The gnoll sergeant is lightly wounded.
You constrict the gnoll sergeant.
You constrict the gnoll, but do no damage.
The gnoll closely misses you. The gnoll barely misses you.
The hound skeleton barely misses you. The kobold hits you with a +0 dagger.
* * * LOW HITPOINT WARNING * * *
You puncture the gnoll sergeant! You burn the gnoll sergeant.
The gnoll sergeant is almost dead.
You constrict the gnoll sergeant, but do no damage.
You constrict the gnoll.
The gnoll sergeant hits you with a +0 trident.
* * * LOW HITPOINT WARNING * * *
The gnoll closely misses you. The gnoll misses you.
You puncture the gnoll sergeant! You burn the gnoll sergeant.
You feel the power of Trog in you as your rage grows.
You kill the gnoll sergeant!
Trog accepts your kill.
You constrict the gnoll. The hound skeleton barely misses you.
The gnoll barely misses you. The gnoll hits you with a +0 spear.
You die...

.######## ### ........#
##.# # 8.....8.# #..##
###### ........#
#...#+##..... ........#
###..........
......).#####...#........
..>....Zg#....#######....
......Jg@g.#### #....
8.....8Kg)## ########...#
.........## ##....##...##
#######..# #..........##
#..# #.........### #.##
##.........# # $.#
#..........# #.#
#..........#
#...........#


You could see 4 gnolls, an endoplasm, a kobold and a hound skeleton.

Vanquished Creatures
  A gnoll sergeant (D:4)
  Terence (D:2)
  2 orc wizards
  A gnoll (D:4)
  5 adders
  A worm (D:2)
  6 dart slugs
  13 orcs
  7 ball pythons
  11 bats
  11 endoplasms
  4 giant cockroaches
  6 goblins
  7 hobgoblins
  6 jackals (D:1)
  2 quokkas
  4 frilled lizards
  7 kobolds
  5 rats
100 creatures vanquished.

Vanquished Creatures (others)
  7 plants (D:3)
7 creatures vanquished.

Grand Total: 107 creatures vanquished

Notes
Turn   | Place    | Note
-------+----------+-------------------------------------------
     0 | D:1      | Froggeryz the Octopode Berserker began the quest for the
                  | Orb.
     0 | D:1      | Reached XP level 1. HP: 16/16 MP: 1/1
   265 | D:1      | Reached skill level 1 in Stealth
   510 | D:1      | Reached XP level 2. HP: 21/21 MP: 2/2
   597 | D:1      | Reached ** piety under Trog
   703 | D:1      | Reached XP level 3. HP: 25/26 MP: 3/3
   727 | D:1      | Found a faded altar of an unknown god.
   794 | D:1      | Reached skill level 4 in Short Blades
  1437 | D:2      | Reached XP level 4. HP: 31/31 MP: 4/4
  1491 | D:2      | Noticed Terence
  1498 | D:2      | Killed Terence
  1922 | D:2      | Reached XP level 5. HP: 17/36 MP: 5/5
  2103 | D:2      | Reached *** piety under Trog
  2434 | D:2      | Reached skill level 5 in Short Blades
  3445 | D:4      | Found a staircase to the Ecumenical Temple.
  3557 | D:4      | Reached XP level 6. HP: 42/42 MP: 6/6
  3562 | D:4      | Reached **** piety under Trog
  3654 | D:4      | HP: 2/63 [gnoll sergeant (4)]
  3655 | D:4      | Slain by a gnoll

Illustrated notes

Levels and vault maps discovered:
D:1:      kilobyte_arrival_exit_the_forest, layout_loops_cross,
          hellmonk_ecumenical_altar_zigzags, fountainhead
D:2:      layout_loops_cross, chequers_jeans, minmay_divided_ellipse,
          uniq_terence
D:3:      wad_lake_hut, layout_basic
D:4:      minmay_bubble_buster, layout_cave_pods,
          minmay_temple_entry_sparse_star, st_stairs_1, uniq_natasha

Skill      XL: |  1  2  3  4  5 |
---------------+----------------+-----
Stealth        | 1 2 3 4 |  4.6
Short Blades   | 4 5 |  5.8
Fighting       | |  3.0
Dodging        | |  3.0

Action                   |  1- 3 |  4- 6 || total
-------------------------+-------+-------++-------
Melee: Short sword       |    77 |    94 ||   171
       Constrict         |    19 |    36 ||    55
       Tentacles         |    12 |    31 ||    43
       Dagger            |       |    35 ||    35
Invok: Berserk           |       |     3 ||     3
 Stab: Sleeping          |    10 |    13 ||    23
       Distracted        |       |     1 ||     1
Armor: Skin              |     4 |     6 ||    10
Dodge: Dodged            |    40 |    69 ||   109

Table legend: (Time is in decaauts)
 A = Elapsed time spent in this place.
 B = Non-inter-level travel time spent in this place.
 C = Inter-level travel time spent in this place.
 D = Time resting spent in this place.
 E = Time spent auto-exploring this place.
 F = Levels seen in this place.
 G = Mean time per level.
                   A        B        C        D        E       F      G
               +--------+--------+--------+--------+--------+-----+--------+
         Total |   3644 |   3547 |     97 |    529 |   2532 |   4 |  911.0 |
       Dungeon |   3644 |   3547 |     97 |    529 |   2532 |   4 |  911.0 |
               +--------+--------+--------+--------+--------+-----+--------+

Top non-repeatable levels by time:
     D:2: 1521 daAuts
     D:1: 1197 daAuts
     D:3: 703 daAuts
     D:4: 222 daAuts
